AoeStats
← dumbcube

Arabia

508280715Analyzed
1v1 RM · 10d ago on Sep 21, 2026· 45m 17s· 2 players
Game mode
Random Map
Map size
Tiny (2 player)
Population
200
Speed
Normal
Resources
Standard
Victory
Conquest
Starting age
Dark Age
Ending age
Imperial Age
RankedLock teamsTeams togetherTeam positionsShared explorationLock speedFull tech treeHidden civsTurbo modeCheats
Victory
Defeat
🇺🇸 Chinese · United States
610
+17
🇲🇽 Portuguese · Mexico
634
-17
dumbcube
0:26 Loom
10:31 Feudal Age
11:38 Double-Bit Axe
12:07 Horse Collar
19:10 Wheelbarrow
20:29 Forging
20:15 Fletching
23:47 Castle Age
22:26 Gold Mining
24:18 Padded Archer Armor
24:09 Crossbowman
25:00 Thumb Ring
26:23 Bodkin Arrow
26:51 Pikeman
33:38 Wheelbarrow
38:57 Imperial Age
37:14 Leather Archer Armor
37:25 Bow Saw
39:25 Arbalester
41:21 Chemistry
40:43 Ballistics
42:27 Bracer
42:17 Elite Skirmisher
educornejo07
6:39 Loom
10:14 Feudal Age
10:50 Double-Bit Axe
12:12 Horse Collar
20:45 Castle Age
22:21 Heavy Plow
25:07 Wheelbarrow
25:15 Crossbowman
25:19 Elite Skirmisher
26:36 Fletching
26:47 Padded Archer Armor
27:15 Light Cavalry
33:27 Bodkin Arrow
33:48 Leather Archer Armor
34:03 Ballistics
34:24 Thumb Ring
38:51 Imperial Age
40:15 Conscription
41:02 Chemistry
39:58 Murder Holes
40:10 Siege Engineers
41:08 Capped Ram
Connection lost

Rejoining the realm…

Still unreachable

The connection could not be restored.

Session expired

The server has moved on; the page needs a fresh start.